 Dungeon Crawl Stone Soup version 0.21.1-1-g345015f (webtiles) character file.

105 inc the Pannier (level 4, 22/22 HPs)
             Began as a Felid Transmuter on Mar 5, 2018.
             Was an Initiate of Nemelex Xobeh.
             Quit the game on level 5 of the Dungeon.
             The game lasted 00:06:10 (4051 turns).

inc the Pannier (Felid Transmuter)                  Turns: 4051, Time: 00:06:11

Health: 22/22      AC:  1    Str:  6    XL:     4   Next: 53%
Magic:  8/8        EV: 18    Int: 14    God:    Nemelex Xobeh [......]
Gold:   133        SH:  0    Dex: 18    Spells: 6/7 levels left
                                        Lives:  0   Deaths: 1

rFire    . . .     SeeInvis +     - Unarmed
rCold    . . .     Gourm    .   (shield unavailable)
rNeg     . . .     Faith    .   (armour unavailable)
rPois    +         Spirit   .   (helmet unavailable)
rElec    .         Reflect  .   (cloak unavailable)
rCorr    .         Harm     .   (gloves unavailable)
MR       .....                  (boots unavailable)
Stlth    +.........             (no amulet)
HPRegen  0.07/turn              f - ring of poison resistance
MPRegen  0.11/turn              p - ring of loudness (curse)

@: quick
A: very small, no armour, no weapons or thrown items, stealth, claws 1, fangs 3,
see invisible, carnivore, speed 1, shaggy fur 1, slow metabolism 1, sharp paws
a: Renounce Religion


You were on level 5 of the Dungeon.
You worshipped Nemelex Xobeh.
Nemelex Xobeh was noncommittal.
You were not hungry.

You visited 1 branch of the dungeon, and saw 7 of its levels.

You collected 133 gold pieces.

Inventory:

Missiles
 a - 41 arrows
Jewellery
 f - a ring of poison resistance (left paw)
 p - a cursed ring of loudness (right paw)
Scrolls
 d - 2 scrolls of blinking {unknown}
 e - 4 scrolls of identify
 g - a scroll of magic mapping {unknown}
 i - a scroll of amnesia
 j - a scroll of remove curse {unknown}
 l - 3 scrolls of fear {unknown}
 m - a scroll of immolation {unknown}
 n - 2 scrolls of teleportation {unknown}
Potions
 h - 3 potions of curing
 k - a potion of heal wounds
 q - a potion of mutation {unknown}
 r - a potion of brilliance {unknown}
Books
 b - a book of Changes

   Spells                             Type                      Level
   a - Beastly Appendage              Transmutation                1
   b - Sticks to Snakes               Transmutation                2
   c - Spider Form                    Transmutation/Poison         3
   d - Ice Form                       Ice/Transmutation            4
   e - Blade Hands                    Transmutation                5
Miscellaneous
 o - a plain deck of summoning {drawn: 1}
Comestibles
 c - 5 rations


   Skills:
 - Level 3.7 Fighting
 - Level 2.6 Dodging
 - Level 3.0 Unarmed Combat
 - Level 2.0 Spellcasting
 - Level 2.1 Transmutations
 + Level 3.8 Invocations


You had 6 spell levels left.
You knew the following spells:

 Your Spells              Type           Power        Failure   Level  Hunger
a - Beastly Appendage     Tmut           #.....       10%         1    ##.....


Dungeon Overview and Level Annotations

Branches:
Dungeon (7/15)
 Temple: D:4-7

Altars:
Nemelex Xobeh

Shops:
D:7 (


Innate Abilities, Weirdness & Mutations

You cannot wear armour.
You are incapable of wielding weapons or throwing items.
Your paws allow you to move quietly. (Stealth)
You have sharp claws.
You have razor-sharp teeth.
You have supernaturally acute eyesight. (SInv)
You are carnivorous and can eat meat at any time.
You cover ground quickly.
You are covered in fur. (AC +1)
You have a slow metabolism.
Your sharp claws are effective at attacking unaware monsters.


Message History

You closely miss the iguana.
The iguana is heavily wounded.
The shadow imp hits you.
* * * LOW HITPOINT WARNING * * *
The iguana misses you.
You barely miss the iguana.
The iguana is heavily wounded.
The shadow imp misses you. The iguana closely misses you.
You scratch the iguana but do no damage.
The iguana is heavily wounded.
Your transformation is almost over.
The shadow imp hits you.
You die...
Your shape twists and changes as you die.
The iguana closely misses you.
You are now level 4!
Your horns disappear.
You rejoin the land of the living...
Found a dagger.
Found a stone staircase leading up.
Are you sure you want to abandon this character and quit the game? (Confirm with "yes".)

## .#
.#
###.###
#).<..#
#.....#
#.@...#
#.....#
#.....#
#######


There were no monsters in sight!

Vanquished Creatures
  An orc priest (D:3)
  A hound (D:5)
  A howler monkey zombie (D:3)
  3 adders
  2 dart slugs
  3 leopard geckos (D:1)
  6 orcs
  3 giant cockroaches
  8 goblins
  8 hobgoblins
  4 kobolds
  A quokka (D:3)
  A ball python (D:1)
  8 bats
  8 frilled lizards
  10 rats
68 creatures vanquished.

Vanquished Creatures (collateral kills)
  3 gnolls (D:3)
  3 adders (D:3)
  A kobold (D:3)
7 creatures vanquished.

Grand Total: 75 creatures vanquished

Notes
Turn   | Place    | Note
-------+----------+-------------------------------------------
     0 | D:1      | inc the Felid Transmuter began the quest for the Orb.
     0 | D:1      | Reached XP level 1. HP: 9/9 MP: 4/4
   267 | D:1      | Reached XP level 2. HP: 12/13 MP: 6/6
  1038 | D:1      | Reached XP level 3. HP: 12/17 MP: 7/7
  1741 | D:2      | Found a sparkling altar of Nemelex Xobeh.
  1762 | D:2      | Became a worshipper of Nemelex Xobeh the Trickster
  2218 | D:3      | Received a gift from Nemelex Xobeh
  2756 | D:3      | Reached XP level 4. HP: 10/22 MP: 8/8
  2972 | D:3      | Reached skill level 1 in Invocations
  3202 | D:3      | Found a faded altar of an unknown god.
  3292 | D:3      | Reached XP level 5. HP: 25/25 MP: 7/9
  3667 | D:4      | You fall through a shaft for 3 floors!
  3668 | D:7      | Found Ydihoax's Antique Weapon Shop.
  3671 | D:7      | Noticed an orc warrior
  3688 | D:5      | Entered Level 5 of the Dungeon
  3723 | D:5      | HP: 1/37 [hound (3)]
  3725 | D:5      | Reached * piety under Nemelex Xobeh
  4050 | D:5      | Slain by a shadow imp
  4051 | D:5      | Reached XP level 4. HP: -3/22 MP: 8/8
  4051 | D:5      | Quit the game

Skill      XL: |  1  2  3  4  5 |
---------------+----------------+-----
Fighting       | 2 3 |  3.7
Invocations    | 2 3 |  3.8
Dodging        | |  2.6
Unarmed Combat | |  3.0
Spellcasting   | |  2.0
Transmutations | |  2.1

Action                   |  1- 3 |  4- 6 || total
-------------------------+-------+-------++-------
Melee: Unarmed           |   167 |    81 ||   248
       Bite              |    14 |     2 ||    16
       Headbutt          |     8 |     8 ||    16
       Punch             |       |     3 ||     3
 Cast: Beastly Appendage |     6 |     9 ||    15
Evoke: Deck              |       |     1 ||     1
  Use: Scroll            |     2 |       ||     2
       Potion            |       |     1 ||     1
 Stab: Sleeping          |     5 |       ||     5
  Eat: Chunk             |    10 |     4 ||    14
Armor: Skin              |     4 |     6 ||    10
Dodge: Dodged            |   149 |    61 ||   210
